 Dungeon Crawl Stone Soup version 0.19.1-1-g22dce08 (webtiles) character file.

191 Alarkh the Chopper (level 5, -15/45 HPs)
             Began as a Draconian Monk on Jan 18, 2017.
             Demolished by an ogre
             ... wielding a +0 giant club
              (31 damage)
             ... on level 4 of the Dungeon.
             The game lasted 00:03:02 (2612 turns).

Alarkh the Chopper (Draconian Monk)                 Turns: 2612, Time: 00:03:03

Health: -15/45     AC:  5    Str: 13    XL:     5   Next: 42%
Magic:  5/5        EV: 13    Int: 12    God:
Gold:   149        SH:  0    Dex: 13    Spells: 0 memorised, 4 levels left

rFire  . . .     SeeInvis .     a - +0 hand axe
rCold  . . .     Gourm    .     (armour unavailable)
rNeg   . . .     Faith    .     (no shield)
rPois  .         Spirit   .     (helmet restricted)
rElec  .         Reflect  .     (no cloak)
rCorr  .         Harm     .     (no gloves)
MR     .....                    (no boots)
Stlth  ++........               l - amulet of magic regeneration
                                (no ring)
                                (no ring)

@: no status effects
A: unfitting armour, cold-blooded, AC +5
a: no special abilities


You were on level 4 of the Dungeon.
You were not hungry.

You visited 1 branch of the dungeon, and saw 4 of its levels.

You collected 149 gold pieces.

Inventory:

Hand Weapons
 a - a +0 hand axe (weapon)
Jewellery
 l - an amulet of magic regeneration (around neck)
Scrolls
 c - a scroll of random uselessness
 e - a scroll of identify
 h - a scroll of remove curse
 i - a scroll of enchant armour
Comestibles
 b - a bread ration
 f - 4 fruits
 j - a chunk of flesh


   Skills:
 - Level 3.2 Fighting
 + Level 6.2 Axes
 - Level 2.6 Dodging
 - Level 1.7 Stealth


You had 4 spell levels left.
You didn't know any spells.

Dungeon Overview and Level Annotations

Branches:
Dungeon (3/15)             Temple (0/1) D:4

Altars:
Ashenzari
Dithmenos
Fedhas
Nemelex Xobeh
Ru
Yredelemnul


Innate Abilities, Weirdness & Mutations

Your plain brown scales are hard. (AC +5)
You cannot fit into any form of body armour.
You are cold-blooded and may be slowed by cold attacks.


Message History

Some of the chunks of flesh in your inventory have rotted away.
You see here 13 gold pieces.
As you read the scroll labeled TYAMAE TIHISCH, it crumbles to dust.
You feel aware of your surroundings.
You sensed 1 altar.
It was a scroll of magic mapping.
The ogre closely misses you.
Found a shattered altar of Ashenzari.
The ogre barely misses you.
As you read the scroll labeled POUPHECUVU, it crumbles to dust.
It is a scroll of recharging.
You aren't carrying any rechargeable items.
The ogre barely misses you.
As you read the scroll labeled JEIFUU MICW, it crumbles to dust.
The creatures around you are filled with an inner flame!
It was a scroll of immolation.
You aren't carrying any items that you can evoke.
As you read the scroll labeled APA DAKI VEAST, it crumbles to dust.
The scroll dissolves into smoke.
It was a scroll of fog.
The ogre hits you with a giant club!!
Ouch! That really hurt!
You die...

******* #......#,,,,,
******,,,,,#########......#,,,,,
*,,,,*,,,,,#..............##,,,*
*,,,<*,,,,,#...............#,,,*
*,,,,+,,,,,#...............#*,**
****+*,,,,,#.........###....#,*,
*,,,,*,>,,,#..§##...#..###.##***
*,,,,*,,,,,#.§§######....###.,,*
*,,,,*,,,,,+..§@O§.........#._,+
*,,,,*,,,,,#..§§§§..+....###..,*
*,,,,*,,,,,#.§§§§...#..###,*****
*,,,**,,,,,#+###########,,,,*,*,
*,,,*,,,,,,,,,,,,,,,,,,,,,,**,**
*,,,*,,,,,,,,,,,,,,,,,,,,,,*,,,*
*,,,*,,,,,,,,,,,,,,,,,,,,,**,,,*
*,,,*,,,,,,,,,,,,,,,,,,,,,*,,,,,
*,,,*,,,,,,,,,,,,,,,,,,,,,*,,,,,


You could see an ogre (inner flame).

Vanquished Creatures
  Robin (D:2)
  5 gnolls
  4 adders
  2 oozes (D:3)
  3 worms
  A dart slug (D:1)
  An orc (D:3)
  3 giant cockroaches
  16 goblins
  13 hobgoblins
  2 jackals (D:3)
  8 kobolds
  2 ball pythons (D:2)
  10 bats
  2 frilled lizards (D:1)
  8 rats
81 creatures vanquished.

Notes
Turn   | Place    | Note
-------+----------+-------------------------------------------
     0 | D:1      | Alarkh the Draconian Monk began the quest for the Orb.
     0 | D:1      | Reached XP level 1. HP: 19/19 MP: 1/1
   244 | D:1      | Reached XP level 2. HP: 25/26 MP: 2/2
   650 | D:1      | Reached skill level 4 in Axes
   698 | D:1      | Reached XP level 3. HP: 19/31 MP: 3/3
  1420 | D:2      | Found a basalt altar of Yredelemnul.
  1486 | D:2      | Noticed Robin
  1509 | D:2      | Killed Robin
  1509 | D:2      | Reached skill level 5 in Axes
  1509 | D:2      | Reached XP level 4. HP: 30/38 MP: 4/4
  1520 | D:2      | Found a sacrificial altar of Ru.
  1856 | D:2      | Found a sparkling altar of Nemelex Xobeh.
  2114 | D:3      | Found a shadowy altar of Dithmenos.
  2220 | D:3      | Reached XP level 5. HP: 41/45 MP: 5/5
  2242 | D:3      | Found a blossoming altar of Fedhas.
  2260 | D:3      | Reached skill level 6 in Axes
  2572 | D:3      | You fall through a shaft!
  2573 | D:4      | Noticed an ogre
  2602 | D:4      | Found a shattered altar of Ashenzari.
  2612 | D:4      | Demolished by an ogre

Skill      XL: |  1  2  3  4  5 |
---------------+----------------+-----
Axes           | 4 5 6 |  6.2
Fighting       | |  3.2
Dodging        | |  2.6
Stealth        | |  1.7

Action                   |  1- 3 |  4- 6 || total
-------------------------+-------+-------++-------
Melee: Hand axe          |   120 |   104 ||   224
       Tailslap          |    11 |    14 ||    25
  Use: Potion            |     2 |     1 ||     3
       Scroll            |       |     7 ||     7
 Stab: Sleeping          |     4 |     4 ||     8
  Eat: Chunk             |     2 |     4 ||     6
Armor: Skin              |    28 |    31 ||    59
Dodge: Dodged            |    78 |    91 ||   169
